 Dungeon Crawl Stone Soup version 0.30-a0-996-ga6910c8ee8 (webtiles) character file.

Game seed: 6480705049409784050

22790 obibabz the Cleaver (level 12, -4/94 HPs)
             Began as a Demonspawn Fighter on Apr 4, 2023.
             Was the Champion of Okawaru.
             Slain by a 14-headed hydra (13 damage)
             ... on level 3 of the Lair of Beasts.
             The game lasted 01:02:10 (13027 turns).

obibabz the Cleaver (Demonspawn Fighter)           Turns: 13027, Time: 01:02:10

Health: -4/94      AC: 16    Str: 20    XL:     12   Next: 66%
Magic:  21/21      EV: 15    Int: 12    God:    Okawaru [******]
Gold:   932        SH: 12    Dex: 23    Spells: 11/11 levels left

rFire   + . .      SeeInvis +    s - +6 hand axe of Linearity {freeze, rC+}
rCold   + + +      Faith    .    c - +0 buckler
rNeg    + + .      Spirit   .    V - +3 ring mail "Hoaph" {MP+9 Dex+3}
rPois   .          Reflect  +    D - +1 hat
rElec   +          Rampage  .    n - +0 cloak of Negation {rElec rC++ rN+ SInv}
rCorr   +                        (no gloves)
Will    +....                    K - +0 pair of boots of the Miller {rN+ rCorr Int+2}
Stlth   +++                      y - amulet of reflection
HPRegen 0.35/turn                f - ring of willpower
MPRegen 0.17/turn                k - ring "Pozup" {rF+ Dex+6}

@: mighty
A: antennae 2, ignite blood 1, sharp scales 3
a: Renounce Religion, Heroism, Finesse, Duel


You were on level 3 of the Lair of Beasts.
You worshipped Okawaru.
Okawaru was exalted by your worship.
You visited 2 branches of the dungeon, and saw 12 of its levels.

You collected 932 gold pieces.

Inventory:

Hand Weapons
 j - a +3 sling of draining
 s - the +6 hand axe of Linearity (weapon) {freeze, rC+}
   (You found it on level 3 of the Dungeon)

   rC:        It protects you from cold.
 G - a +3 short sword
 M - a +3 falchion of freezing
 N - a +5 hand axe
 T - the +1 morningstar "Giantbane" {freeze, rC+ Will- Dex+4}
   (Okawaru gifted it to you on level 1 of the Lair of Beasts)

   Dex:       It affects your dexterity (+4).
   rC:        It protects you from cold.
   Will:      It decreases your willpower.
 U - a +2 spectral quarterstaff
 Y - the +5 lajatang "Bischac" {flame, rF+++ Will++ Int-2}
   (Okawaru gifted it to you on level 3 of the Lair of Beasts)

   Int:       It affects your intelligence (-2).
   rF:        It renders you almost immune to fire.
   Will:      It greatly increases your willpower.
Armour
 c - a +0 buckler (worn)
 i - a +2 ring mail of fire resistance
 n - the +0 cloak of Negation (worn) {rElec rC++ rN+ SInv}
   (You found it on level 2 of the Dungeon)

   rC:        It greatly protects you from cold.
   rElec:     It insulates you from electricity.
   rN:        It protects you from negative energy.
   SInv:      It lets you see invisible.
 A - +0 acid dragon scales
 B - the +3 ring mail of Valiance {Will+}
   (You found it on level 3 of the Lair of Beasts)

   Will:      It increases your willpower.
 D - a +1 hat (worn)
 K - the +0 pair of boots of the Miller (worn) {rN+ rCorr Int+2}
   (Okawaru gifted it to you on level 8 of the Dungeon)

   Int:       It affects your intelligence (+2).
   rN:        It protects you from negative energy.
   rCorr:     It protects you from acid and corrosion.
 O - a +0 plate armour
 R - a +2 cloak of poison resistance
 V - the +3 ring mail "Hoaph" (worn) {MP+9 Dex+3}
   (Okawaru gifted it to you on level 2 of the Lair of Beasts)

   Dex:       It affects your dexterity (+3).
   MP:        It affects your magic capacity (+9).
Magical Staves
 e - a staff of earth
Jewellery
 a - a ring of see invisible
 f - a ring of willpower (left hand)
 k - the ring "Pozup" (right hand) {rF+ Dex+6}
   (You acquired it on level 3 of the Dungeon)

   [ring of dexterity]

   Dex:       It affects your dexterity (+6).
   rF:        It protects you from fire.
 p - a ring of ice
 w - a ring of fire
 y - an amulet of reflection (around neck)
 E - an amulet of faith
 H - a ring of flight
 Z - an amulet of regeneration
Wands
 b - a wand of mindburst (8)
 C - a wand of iceblast (6)
 I - a wand of paralysis (11)
 Q - a wand of acid (4)
Scrolls
 g - 2 scrolls of vulnerability
 l - a scroll of torment
 q - a scroll of immolation
 r - 4 scrolls of identify
 u - 6 scrolls of teleportation
 v - a scroll of brand weapon
 x - 4 scrolls of enchant weapon
 z - 4 scrolls of fear
 J - a scroll of amnesia
 P - a scroll of magic mapping {unknown}
 W - a scroll of fog {unknown}
Potions
 h - 2 potions of heal wounds
 m - a potion of attraction {unknown}
 o - 4 potions of mutation
 t - 2 potions of curing
 S - a potion of magic {unknown}
 X - a potion of brilliance


   Skills:
 + Level 8.6 Fighting
 + Level 12.2(12.4) Axes
 + Level 3.2(8.5) Maces & Flails
 + Level 8.1 Armour
 + Level 6.3 Dodging
 + Level 4.3 Stealth
 + Level 8.5 Shields


You had 11 spell levels left.
You didn't know any spells.
Your spell library contained the following spells:

 Spells                   Type           Power      Damage    Failure   Level
 Apportation              Tloc           0%         N/A       54%         1
 Necrotise                Necr           0%         1d4       54%         1
 Stone Arrow              Conj/Erth      0%         3d7       88%         3
 Vhi's Electric Charge    Tloc/Air       0%         N/A       88%         3
 Arcjolt                  Conj/Air       0%         1d10      100%        5
 Plasma Beam              Fire/Air       0%         2x1d11    100%        6
 Lehudib's Crystal Spear  Conj/Erth      0%         10d2      100%        8
 Summon Small Mammal      Summ           Unusable   N/A       N/A         1
 Animate Armour           Summ/Erth      Unusable   N/A       N/A         4

Dungeon Overview and Level Annotations

Branches:
Dungeon (9/15)             Temple (0/1) D:4            Lair (3/5) D:9
 Spider (0/4) Lair:3          Orc (0/2) D:9
  Swamp: Lair:2-3    Shoals: Lair:2-3

Altars:
Okawaru

Shops:
D:5 [

Annotations:
Lair:2 exclusion: oklob plant


Innate Abilities, Weirdness & Mutations

You have a pair of antennae on your head.
Your demonic aura sometimes causes spilled blood to erupt in flames.
You are completely covered in razor-sharp scales. (AC +3, Slay +3)


Message History

The 14-headed hydra bites you but does no damage.
The 14-headed hydra bites you!
The 14-headed hydra barely misses you. x2
The 14-headed hydra bites you but does no damage.
The 14-headed hydra barely misses you. The 14-headed hydra bites you.
The 14-headed hydra closely misses you. x3
The 14-headed hydra is no longer moving slowly.
The 14-headed hydra completely misses you.
You block the 14-headed hydra's attack. The 14-headed hydra bites you.
The 14-headed hydra closely misses you.
The 14-headed hydra bites you but does no damage.
You block the 14-headed hydra's attack. x2; The 14-headed hydra bites you!
The 14-headed hydra bites you.
* * * LOW HITPOINT WARNING * * *
The 14-headed hydra closely misses you.
The 14-headed hydra bites you but does no damage.
The 14-headed hydra bites you!
* * * LOW HITPOINT WARNING * * *
The 14-headed hydra bites you!
* * * LOW HITPOINT WARNING * * *
The 14-headed hydra misses you.
The 14-headed hydra is engulfed in blazing flames.
The 14-headed hydra attacks as you move away!
The 14-headed hydra bites you but does no damage.
The 14-headed hydra bites you.
* * * LOW HITPOINT WARNING * * *
You block the 14-headed hydra's attack. x2; The 14-headed hydra misses you.
You block the 14-headed hydra's attack.
The 14-headed hydra bites you but does no damage.
You block the 14-headed hydra's attack. The 14-headed hydra misses you.
The 14-headed hydra bites you but does no damage.
The 14-headed hydra bites you.
* * * LOW HITPOINT WARNING * * *
The 14-headed hydra completely misses you.
The 14-headed hydra bites you but does no damage.
The 14-headed hydra barely misses you.
You see here a staff of poison.
The 14-headed hydra attacks as you move away!
The 14-headed hydra closely misses you. The 14-headed hydra barely misses you.
The 14-headed hydra bites you!
You die...

P###.......## ##........#
P##.......## #..#######
####......## #..# ♣.♣ ♣♣♣♣♣♣♣
####......P# #..#♣.♣♣♣#♣PPP...
...#....P.## ##..#.♣♣..#♣P~...##
....|.....## #...#..†♣.#♣PPP..#.
...........# #...#♣♣♣♣.#♣.....#.
.#.###.....#####..# ♣.♣#♣......)
######.........@.#♣ ♣♣.#♣.###...
####.##..#..###.D..♣♣♣....♣#...P~
........###.# #...#.÷.♣♣#♣.###..P
..........#####.|.#.♣♣♣ ♣.......
........#.####....#.. ♣.....#.
........##.P#P....#♣♣♣ ♣PPP..#.
..................# ♣P~P..##
..................# ♣PPP...♣
..................# ♣♣♣♣♣♣♣.


You could see a 14-headed hydra.

Vanquished Creatures
  Gastronok (D:8)
  The ghost of Diecruk the Skirmisher, a journeyman GnHu of Fedhas (Lair:3)
  Fannar (Lair:3)
  A hydra (Lair:2)
  A catoblepas (Lair:3)
  Erolcha (D:9)
  A two-headed ogre (D:9)
  A death yak (Lair:3)
  Amaemon (D:8)
  Maurice (D:9)
  An elephant (Lair:3)
  2 black mambas
  An orange demon (D:8)
  9 cane toads
  An unseen horror (D:8)
  2 rime drakes (Lair:1)
  3 komodo dragons
  3 polar bears
  9 blink frogs
  A dream sheep (Lair:3)
  A vampire (D:9)
  A wyvern (Lair:3)
  A steam dragon (D:8)
  4 basilisks
  21 yaks
  Menkaure (D:4)
  5 water moccasins
  An acid dragon (D:9)
  4 orc warriors
  3 sky beasts
  3 ogres
  4 wolves
  A centaur (D:6)
  A phantom (D:6)
  12 bullfrogs
  A gnoll sergeant (D:7)
  A scorpion (D:5)
  10 wights (D:8)
  4 killer bees (D:8)
  The ghost of Nepie the Shooter, a weakling HuHu (D:3)
  5 electric eels (D:9)
  2 howler monkeys (D:8)
  2 hounds
  3 jellies
  A gnoll bouda (D:5)
  3 orc priests
  4 iguanas
  5 orc wizards
  9 gnolls
  7 adders
  A hound simulacrum (D:3)
  A shadow imp (D:7)
  A white imp (D:7)
  2 ufetubi (D:5)
  5 worms
  A dart slug (D:3)
  An adder simulacrum (D:3)
  30 orcs
  9 endoplasms
  6 giant cockroaches
  9 goblins
  5 hobgoblins
  9 kobolds
  3 quokkas
  12 ball pythons
  3 ball python simulacra (D:3)
  6 bats
  4 frilled lizards
  7 rats
  A bush (Lair:2)
279 creatures vanquished.

Vanquished Creatures (others)
  A hornet (D:9)
  18 fungi
  29 plants
48 creatures vanquished.

Grand Total: 327 creatures vanquished

Notes
Turn   | Place    | Note
-------+----------+-------------------------------------------
     0 | D:1      | obibabz the Demonspawn Fighter began the quest for the Orb.
     0 | D:1      | Reached XP level 1. HP: 18/18 MP: 1/1
   199 | D:1      | Gained mutation: You are partially covered in razor-sharp
                  | scales. (AC +1, Slay +1) [demonic ancestry]
   199 | D:1      | Reached XP level 2. HP: 21/24 MP: 2/2
   985 | D:2      | Gained mutation: You have a pair of small antennae on your
                  | head. [demonic ancestry]
   985 | D:2      | Reached XP level 3. HP: 27/29 MP: 3/3
  1131 | D:2      | Identified the +0 cloak of Negation {rElec rC++ rN+ SInv}
  1320 | D:2      | Reached XP level 4. HP: 35/35 MP: 4/4
  1459 | D:2      | Found an iron altar of Okawaru.
  1470 | D:2      | Became a worshipper of Warmaster Okawaru
  1781 | D:3      | Identified the +6 hand axe of Linearity {freeze, rC+}
  1872 | D:3      | Noticed Nepie's ghost (weakling HuHu)
  1902 | D:3      | Found a runed translucent gate.
  1902 | D:3      | Found a runed translucent gate.
  1912 | D:3      | Found a runed translucent gate.
  1979 | D:3      | Killed Nepie's ghost
  1980 | D:3      | Gained mutation: Your demonic aura sometimes causes spilled
                  | blood to erupt in flames. [demonic ancestry]
  1980 | D:3      | Reached XP level 5. HP: 23/42 MP: 5/5
  2566 | D:3      | Identified a scroll of acquirement
  2566 | D:3      | Acquired the ring "Pozup" {rF+ Dex+6}
  2869 | D:4      | Reached skill level 1 in Axes
  3162 | D:4      | Found a staircase to the Ecumenical Temple.
  3194 | D:4      | Reached skill level 1 in Dodging
  3332 | D:4      | Noticed Menkaure
  3336 | D:4      | Killed Menkaure
  3336 | D:4      | Reached * piety under Okawaru
  3337 | D:4      | Reached skill level 2 in Axes
  3337 | D:4      | Reached XP level 6. HP: 35/48 MP: 6/6
  3672 | D:5      | Entered Level 5 of the Dungeon
  3751 | D:5      | Reached skill level 1 in Stealth
  3772 | D:5      | Reached skill level 3 in Axes
  3772 | D:5      | Reached XP level 7. HP: 33/54 MP: 7/7
  4040 | D:5      | Found Joyl's Antique Armour Shop.
  4250 | D:5      | Reached ** piety under Okawaru
  4306 | D:5      | Reached skill level 4 in Axes
  4746 | D:6      | Gained mutation: You are mostly covered in razor-sharp
                  | scales. (AC +2, Slay +2) [demonic ancestry]
  4746 | D:6      | Reached XP level 8. HP: 59/61 MP: 8/8
  5016 | D:6      | Reached skill level 5 in Axes
  5403 | D:6      | Reached skill level 5 in Armour
  5587 | D:7      | Reached skill level 5 in Fighting
  5659 | D:7      | Reached *** piety under Okawaru
  5835 | D:7      | Reached skill level 6 in Axes
  5899 | D:7      | Reached XP level 9. HP: 68/68 MP: 9/9
  6375 | D:8      | Noticed Gastronok
  6410 | D:8      | Killed Gastronok
  6410 | D:8      | Reached **** piety under Okawaru
  6411 | D:8      | Reached skill level 7 in Axes
  6411 | D:8      | Reached skill level 5 in Shields
  6513 | D:8      | Reached ***** piety under Okawaru
  6769 | D:8      | Reached skill level 8 in Axes
  6834 | D:8      | Noticed an unseen horror
  6846 | D:8      | Killed an unseen horror
  6846 | D:8      | Identified the +0 pair of boots of the Miller {rN+ rCorr
                  | Int+2} (Okawaru gifted it to you on level 8 of the Dungeon)
  6846 | D:8      | Received a gift from Okawaru
  6847 | D:8      | Gained mutation: You are completely covered in razor-sharp
                  | scales. (AC +3, Slay +3) [demonic ancestry]
  6847 | D:8      | Reached XP level 10. HP: 66/76 MP: 10/10
  6867 | D:8      | Noticed Amaemon
  6876 | D:8      | Killed Amaemon
  6877 | D:8      | Noticed an orange demon
  6903 | D:8      | Killed an orange demon
  7848 | D:9      | Reached skill level 9 in Axes
  8049 | D:9      | Found a staircase to the Orcish Mines.
  8081 | D:9      | Noticed a two-headed ogre
  8118 | D:9      | Killed a two-headed ogre
  8233 | D:9      | Noticed Maurice
  8243 | D:9      | Killed Maurice
  8319 | D:9      | Noticed Erolcha
  8330 | D:9      | Killed Erolcha
  8362 | D:9      | Gained mutation: You have a pair of antennae on your head.
                  | [demonic ancestry]
  8362 | D:9      | Reached XP level 11. HP: 71/84 MP: 11/11
  8544 | D:9      | Found a staircase to the Lair.
  8904 | Lair:1   | Entered Level 1 of the Lair of Beasts
  8970 | Lair:1   | Reached skill level 10 in Axes
  9084 | Lair:1   | Reached skill level 5 in Dodging
  9152 | Lair:1   | Identified the +1 morningstar "Giantbane" {freeze, rC+
                  | Will- Dex+4} (Okawaru gifted it to you on level 1 of the
                  | Lair of Beasts)
  9152 | Lair:1   | Received a gift from Okawaru
 10140 | Lair:2   | Noticed a six-headed hydra
 10155 | Lair:2   | Killed a 12-headed hydra
 10381 | Lair:2   | Reached ****** piety under Okawaru
 10392 | Lair:2   | Reached skill level 11 in Axes
 10624 | Lair:2   | Identified the +3 ring mail "Hoaph" {MP+9 Dex+3} (Okawaru
                  | gifted it to you on level 2 of the Lair of Beasts)
 10624 | Lair:2   | Received a gift from Okawaru
 10988 | Lair:2   | Reached XP level 12. HP: 92/92 MP: 12/12
 11629 | Lair:3   | Found a runed translucent gate.
 11629 | Lair:3   | Found a runed translucent gate.
 11629 | Lair:3   | Found a runed translucent gate.
 11633 | Lair:3   | Noticed Diecruk's ghost (journeyman GnHu)
 11676 | Lair:3   | Found a hole to the Spider Nest.
 11676 | Lair:3   | Noticed Fannar
 11870 | Lair:3   | Killed Diecruk's ghost
 11997 | Lair:3   | Killed Fannar
 12258 | Lair:3   | Noticed a catoblepas
 12266 | Lair:3   | Killed a catoblepas
 12367 | Lair:3   | Noticed a death yak
 12385 | Lair:3   | Noticed a seven-headed hydra
 12393 | Lair:3   | Reached skill level 12 in Axes
 12398 | Lair:3   | Killed a death yak
 12828 | Lair:3   | Identified the +5 lajatang "Bischac" {flame, rF+++ Will++
                  | Int-2} (Okawaru gifted it to you on level 3 of the Lair of
                  | Beasts)
 12828 | Lair:3   | Received a gift from Okawaru
 12901 | Lair:3   | Identified the +3 ring mail of Valiance {Will+}
 13027 | Lair:3   | Slain by a 14-headed hydra

Illustrated notes

Levels and vault maps discovered:
D:1:      dpeg_arrival_subterranean_lakeside_camping, layout_loops_ring,
          minmay_quantized
D:2:      layout_basic, basic_altar, minmay_box_of_dots
D:3:      layout_basic, gammafunk_ghost_icy, kennysheep_generic_room_7
D:4:      layout_gridville, minmay_temple_entry_tees, minmay_bisected,
          uniq_menkaure
D:5:      layout_cave_pools, serial_shops, kennysheep_mini, serial_column_ruins,
          column_ruins_square_small, column_ruins_corridor_straight,
          column_ruins_open_tiny_water, column_ruins_grid_1,
          column_ruins_open_large, column_ruins_open_tiny,
          chequers_serial_rivers_micro_e, kennysheep_generic_room_15
D:6:      layout_basic
D:7:      layout_rooms, grunt_ministairs_8, kennysheep_big_empty_room
D:8:      layout_basic, supply_closet_lemuel, nicolae_benzene_ring,
          uniq_amaemon, uniq_gastronok
D:9:      layout_basic, david_orc_3, uniq_erolcha, uniq_maurice
Lair:1:   layout_cave_pods
Lair:2:   layout_cave_pods, minmay_lair_oklob_items
Lair:3:   nzn_winding_woodlands_cross [nzn_winding_woodlands_5x15_sawtooth,
          nzn_winding_woodlands_5x15_twine, nzn_winding_woodlands_5x15_jagged,
          nzn_winding_woodlands_5x15_parted,
          nzn_winding_woodlands_15x15_five_gardens], layout_chaotic_city,
          swamp_mist, spider_nest_entry_web_field, basic_altar,
          ebering_ghost_rock_garden, beast_lair_carwin_5, uniq_fannar

Skill      XL: |  1  2  3  4  5  6  7  8  9 10 11 12 |
---------------+-------------------------------------+-----
Armour         | 3 4 5 6 7 8 |  8.1
Maces & Flails | 2 3 |  3.2
Shields        | 3 4 5 6 7 8 |  8.5
Axes           | 2 3 4 6 8 9 11 12 | 12.2
Dodging        | 1 2 3 4 5 6 |  6.3
Fighting       | 4 5 6 7 8 |  8.6
Stealth        | 1 2 3 4 |  4.3

Action                     |  1- 3 |  4- 6 |  7- 9 | 10-12 || total
---------------------------+-------+-------+-------+-------++-------
  Melee: Flail             |   144 |    29 |       |       ||   173
         Hand axe          |       |    95 |   231 |   540 ||   866
    Use: Potion            |       |     7 |     1 |     5 ||    13
         Scroll            |       |     8 |     3 |     2 ||    13
   Stab: Sleeping          |       |       |       |     3 ||     3
         Distracted        |       |       |       |     2 ||     2
 Armour: Scale mail        |    10 |       |       |       ||    10
         Ring mail         |    73 |    55 |    60 |   127 ||   315
  Dodge: Dodged            |    66 |    67 |    68 |   172 ||   373
  Block: Buckler           |    37 |    38 |   100 |   212 ||   387
         Reflection        |       |       |       |     2 ||     2

Table legend: (Time is in decaauts)
 A = Elapsed time spent in this place.
 B = Non-inter-level travel time spent in this place.
 C = Inter-level travel time spent in this place.
 D = Time resting spent in this place.
 E = Time spent auto-exploring this place.
 F = Levels seen in this place.
 G = Mean time per level.
                   A        B        C        D        E       F      G
               +--------+--------+--------+--------+--------+-----+--------+
         Total |  13019 |  13019 |      0 |   2240 |   5928 |  12 | 1084.9 |
       Dungeon |   8995 |   8995 |      0 |   1052 |   4533 |   9 |  999.4 |
          Lair |   4023 |   4023 |      0 |   1188 |   1395 |   3 | 1341.0 |
               +--------+--------+--------+--------+--------+-----+--------+

Top non-repeatable levels by time:
     D:8: 1444 daAuts
  Lair:2: 1437 daAuts
  Lair:3: 1391 daAuts
  Lair:1: 1195 daAuts
     D:9: 1160 daAuts
     D:1: 996 daAuts
     D:4: 989 daAuts
     D:6: 978 daAuts
     D:3: 923 daAuts
     D:7: 845 daAuts
     D:5: 835 daAuts
     D:2: 822 daAuts
